 Dungeon Sprint DCSS version 0.28.0-53-g5a82cb258f (webtiles) character file.

Game seed: 11592440693255008645

125 Groucho the Covert (level 4, -5/31 HPs)
             Began as a Spriggan Enchanter on June 6, 2022.
             Slain by a neqoxec (6 damage)
             ... in the Dungeon (Sprint II: "The Violet Keep of Menkaure").
             The game lasted 00:00:22 (17 turns).

Groucho the Covert (Spriggan Enchanter)               Turns: 17, Time: 00:00:23

Health: -5/31      AC:  2    Str:  6    XL:     4   Next: 82%
Magic:  6/12       EV: 20    Int: 16    God:
Gold:   0          SH:  0    Dex: 15    Spells: 14/14 levels left

rFire   . . .      SeeInvis +   a - +1 dagger
rCold   . . .      Faith    .   (no shield)
rNeg    . . .      Spirit   .   b - +0 robe
rPois   .          Reflect  .   (helmet restricted)
rElec   .          Harm     .   (no cloak)
rCorr   .          Rampage  .   (gloves unavailable)
Will    .....      NoTele   +   (boots unavailable)
Stlth   ..........              (no amulet)
HPRegen 0.10/turn               (no ring)
MPRegen 0.13/turn               (no ring)

@: berserking, very quick
A: very small, no large weapons, unfitting armour, see invisible, speed 3
a: no special abilities


You were in the Dungeon.
You visited 1 branch

Inventory:

Hand Weapons
 a - a +1 dagger (weapon)
Armour
 b - a +0 robe (worn)
Scrolls
 i - a scroll of blinking
Potions
 c - a potion of invisibility
 d - a potion of curing
 e - a potion of heal wounds
 f - a potion of haste
 g - 2 potions of magic


   Skills:
 + Level 4.7 Short Blades
 + Level 6.1 Dodging
 + Level 8.0 Stealth
 + Level 5.7 Spellcasting
 + Level 6.3 Hexes


You had 14 spell levels left.
You didn't know any spells.
Your spell library contained the following spells:

 Spells                   Type           Power      Damage    Failure   Level
 Confusing Touch          Hex            24%        N/A       3%          3
 Tukima's Dance           Hex            24%        N/A       3%          3
 Ensorcelled Hibernation  Hex/Ice        28%        N/A       6%          2
 Dazzling Flash           Conj/Hex       28%        N/A       12%         3


Dungeon Overview and Level Annotations

Branches:
Dungeon (1/1)

Altars:


Innate Abilities, Weirdness & Mutations

You are very small and have problems with some larger weapons.
You are too small for most types of armour.
You have supernaturally acute eyesight. (SInv)
You cover ground extremely quickly. (Speed+++)


Message History

Strange energies course through your body.
You hit the neqoxec.
The neqoxec is heavily wounded.
You closely miss the neqoxec.
The neqoxec is heavily wounded.
The neqoxec hits you but does no damage.
You hit the neqoxec.
The neqoxec is heavily wounded.
The neqoxec gestures at you.
Something tries to feed on your intellect!
You hit the neqoxec.
The neqoxec is severely wounded.
You puncture the neqoxec!
The neqoxec is almost dead.
The neqoxec gestures at you.
Something tries to feed on your intellect!
The neqoxec hits you!
Ouch! That really hurt!
You barely miss the neqoxec.
The neqoxec is almost dead.
You hit the neqoxec.
You kill the neqoxec!
You feel your intelligence returning.
Your Short Blades skill gained 3 levels and is now at level 4!
Your Dodging skill gained 4 levels and is now at level 6!
Your Stealth skill gained 4 levels and is now at level 8!
Your Spellcasting skill gained 3 levels and is now at level 5!
Your Hexes skill gained 3 levels and is now at level 6!
You have reached level 2!
You have reached level 3!
Your experience leads to an increase in your attributes!
Increase (S)trength, (I)ntelligence, or (D)exterity?
You feel stronger. x2
You have reached level 4!
Unknown command.
The neqoxec hits you!
* * * LOW HITPOINT WARNING * * *
You closely miss the neqoxec. You hit the neqoxec but do no damage.
The neqoxec hits you.
You die...

##
#3###+#
#@##.##
##'.<.+
###.##
#+#


You could see a neqoxec.

Vanquished Creatures
  A neqoxec (D)
1 creature vanquished.

Notes
Turn   | Place    | Note
-------+----------+-------------------------------------------
     0 | D        | Groucho the Spriggan Enchanter began the quest for the Orb.
     0 | D        | Reached XP level 1. HP: 9/9 MP: 5/5
     1 | D        | Noticed a neqoxec
     3 | D        | Noticed a neqoxec
    14 | D        | Killed a neqoxec
    15 | D        | Reached skill level 8 in Stealth
    15 | D        | Reached skill level 5 in Spellcasting
    15 | D        | Reached XP level 2. HP: 6/13 MP: 5/9
    15 | D        | Reached XP level 3. HP: 8/16 MP: 6/11
    15 | D        | Reached XP level 4. HP: 10/21 MP: 6/12
    15 | D        | HP: 1/31 [neqoxec (9)]
    17 | D        | Slain by a neqoxec

Illustrated notes

Levels and vault maps discovered:
D:        the_violet_keep_of_menkaure [sprint2_stairs_cluster_1,
          sprint2_shoproom, sprint2_temple, sprint2_basic_supplies,
          sprint2_obstacle_6, sprint2_obstacle_2, sprint2_obstacle_5,
          sprint2_obstacle_7, sprint2_obstacle_1, sprint2_timed_cluster_1,
          sprint2_smallroom_cluster_1, sprint2_smallroom_final_cluster_1,
          sprint2_transparent_cluster_1, sprint2_second_timed_cluster_1,
          sprint2_sniper_area_1, sprint2_heavy_combat_area_1,
          sprint2_mutation_trap_area_1, sprint2_forest_area_1,
          sprint2_light_combat_area_1, sprint2_behind_water_1,
          sprint2_near_end_vault_1]

Skill      XL: |  1 |
---------------+----+-----
Short Blades   | 4 |  4.7
Dodging        | 6 |  6.1
Stealth        | 8 |  8.0
Spellcasting   | 5 |  5.7
Hexes          | 6 |  6.3

Action                   |  1- 3 |  4- 6 || total
-------------------------+-------+-------++-------
Melee: Dagger            |    11 |     2 ||    13
  Use: Potion            |     1 |       ||     1
Armor: Robe              |     1 |       ||     1
